 Dungeon Crawl Stone Soup version 0.30.0-19-g36f170ea60 (webtiles) character file.

Game seed: 15061693419029123556

95 Brutalitops the Shooter (level 4, 0/35 HPs)
             Began as a Demigod Hexslinger on May 27, 2023.
             Slain by a gnoll
             ... wielding a +0 flail
              (11 damage)
             ... on level 3 of the Dungeon.
             The game lasted 00:07:55 (1881 turns).

Brutalitops the Shooter (Demigod Hexslinger)        Turns: 1881, Time: 00:07:56

Health: 0/35       AC:  6    Str: 11    XL:     4   Next: 17%
Magic:  8/8        EV: 11    Int: 15    God:
Gold:   84         SH:  0    Dex: 18    Spells: 4/5 levels left

rFire   . . .        a - +0 rapier
rCold   . . .        (no shield)
rNeg    . . .        i - +0 ring mail
rPois   .            l - +0 helmet
rElec   .            (no cloak)
rCorr   .            (no gloves)
SInv    .            (no boots)
Will    +....        d - amulet of regeneration
Stlth   +            m - ring of willpower
HPRegen 1.05/turn    (no ring)
MPRegen 0.11/turn

%: no passive effects
@: no status effects
A: high MP 1, forlorn, divine attributes
a: no special abilities


You were on level 3 of the Dungeon.
You visited 1 branch of the dungeon, and saw 3 of its levels.

You collected 84 gold pieces.

Inventory:

Hand Weapons
 a - a +0 rapier (weapon)
 b - a +2 sling
Armour
 c - a +0 robe
 i - a +0 ring mail (worn)
 l - a +0 helmet (worn)
Jewellery
 d - an amulet of regeneration (around neck)
 m - a ring of willpower (left hand)
 p - a ring of ice
Scrolls
 e - a scroll of poison
 h - a scroll of enchant weapon
 n - a scroll of acquirement {unknown}
 o - 2 scrolls of amnesia
Potions
 f - a potion of magic
 g - a potion of flight
 k - a potion of attraction


   Skills:
 + Level 1.5 Fighting
 + Level 1.1 Maces & Flails
 + Level 3.1 Ranged Weapons
 + Level 0.6 Armour
 + Level 2.4 Dodging
 - Level 1.0 Spellcasting
 - Level 2.6 Hexes


You had 4 spell levels left.
You knew the following spells:

 Your Spells              Type           Power      Damage    Failure   Level
a - Slow                  Hex            32%        N/A       21%         1

Your spell library contained the following spells:

 Spells                   Type           Power      Damage    Failure   Level
 Inner Flame              Hex/Fire       4%         N/A       71%         3
 Portal Projectile        Hex/Tloc       8%         N/A       71%         3
 Cause Fear               Hex            4%         N/A       89%         4


Dungeon Overview and Level Annotations

Branches:
Dungeon (3/15)


Innate Abilities, Weirdness & Mutations

You have an increased reservoir of magic. (+10% MP)
You shall have no god before yourself.
Your divine heritage dramatically boosts your attributes as you level up.


Message History

The gnoll hits you with a +0 club.
You hit the gnoll.
The gnoll is severely wounded.
The gnoll hits you with a +0 club. The gnoll misses you.
You hit the gnoll.
The gnoll is almost dead.
The gnoll closely misses you.
You closely miss the gnoll.
The gnoll is almost dead.
The gnoll hits you but does no damage.
You hit the gnoll but do no damage.
The gnoll is almost dead.
The gnoll hits you with a +0 club.
You barely miss the gnoll.
The gnoll is almost dead.
The gnoll closely misses you.
You hit the gnoll.
You kill the gnoll!
The gnoll closely misses you.
You hit the gnoll.
The gnoll is lightly wounded.
The gnoll hits you with a +0 flail!
You hit the gnoll but do no damage.
The gnoll is lightly wounded.
The gnoll barely misses you.
You hit the gnoll.
The gnoll is lightly wounded.
The gnoll hits you with a +0 flail.
You barely miss the gnoll.
The gnoll is lightly wounded.
The gnoll barely misses you.
You barely miss the gnoll.
The gnoll is lightly wounded.
The gnoll hits you with a +0 flail. x2
You barely miss the gnoll.
The gnoll is lightly wounded.
The gnoll hits you with a +0 flail!
* * * LOW HITPOINT WARNING * * *
You feel better. The gnoll hits you with a +0 flail!
You die...

#......#.......
#.#....#.......
#.#.##.#.##.###
#.#.##.#.##.#
#.#.##.#.##.#
#.#.##.#.##.#
#.#.##...##.#
#######.#.#######.###
#.gg@...#............
#.#######..######.###
#. #.........#.. #.
<#.#####..#.. #.
#..#.. #g #..... #.
##.##. #g #.##. ..##.


You could see 2 gnolls.

Vanquished Creatures
  Robin (D:2)
  A gnoll (D:3)
  2 worms (D:2)
  2 dart slugs
  5 bats
  8 endoplasms
  4 giant cockroaches
  7 hobgoblins
  A quokka (D:1)
  6 ball pythons
  14 goblins
  3 kobolds
  4 rats
58 creatures vanquished.

Notes
Turn   | Place    | Note
-------+----------+-------------------------------------------
     0 | D:1      | Brutalitops the Demigod Hexslinger began the quest for the
                  | Orb.
     0 | D:1      | Reached XP level 1. HP: 15/15 MP: 4/4
   127 | D:1      | Reached skill level 2 in Ranged Weapons
   196 | D:1      | Reached skill level 1 in Fighting
   204 | D:1      | Reached XP level 2. HP: 23/23 MP: 5/5
   934 | D:2      | Noticed Robin
   954 | D:2      | Killed Robin
   955 | D:2      | Reached XP level 3. HP: 22/28 MP: 6/6
  1164 | D:2      | Reached skill level 1 in Maces & Flails
  1302 | D:2      | Reached skill level 3 in Ranged Weapons
  1713 | D:3      | Reached XP level 4. HP: 35/35 MP: 8/8
  1881 | D:3      | Slain by a gnoll

Illustrated notes

Levels and vault maps discovered:
D:1:      eino_arrival_cavern_e, layout_loops_corners
D:2:      layout_basic, uniq_robin
D:3:      layout_basic, dancing_weapons_uskayaw

Skill      XL: |  1  2  3 |
---------------+----------+-----
Ranged Weapons | 2 3 |  3.1
Dodging        | 2 |  2.4
Fighting       | 1 |  1.5
Maces & Flails | 1 |  1.1
Armour         | |  0.6
Spellcasting   | |  1.0
Hexes          | |  2.6

Action                     |  1- 3 |  4- 6 || total
---------------------------+-------+-------++-------
  Melee: Club              |     1 |       ||     1
         Mace              |    62 |       ||    62
         Rapier            |     6 |    20 ||    26
         Punch             |     1 |       ||     1
   Fire: Sling             |    77 |     8 ||    85
    Use: Scroll            |     7 |       ||     7
         Potion            |       |     1 ||     1
 Armour: Ring mail         |    22 |     6 ||    28
         Robe              |     1 |       ||     1
  Dodge: Dodged            |    50 |    14 ||    64
